 Dungeon Crawl Stone Soup version 0.22-a0-833-g8522bf8 (webtiles) character file.

77 Amnesiac the Digger (level 4, -3/30 HPs)
             Began as a Mummy Earth Elementalist on July 25, 2018.
             Slain by a crimson imp (4 damage)
             ... on level 5 of the Dungeon.
             The game lasted 00:02:48 (1127 turns).

Amnesiac the Digger (Mummy Earth Elementalist)      Turns: 1127, Time: 00:02:49

Health: -3/30      AC:  2    Str: 14    XL:     4   Next: 13%
Magic:  1/9        EV: 12    Int: 15    God:
Gold:   119        SH:  0    Dex: 12    Spells: 0/10 levels left

rFire    x . .     SeeInvis .   f - +1 dagger
rCold    + . .     Gourm    .   (no shield)
rNeg     + + +     Faith    .   c - +0 robe
rPois    ∞         Spirit   .   (no helmet)
rElec    .         Reflect  .   (no cloak)
rCorr    .         Harm     .   (no gloves)
MR       .....                  (no boots)
Stlth    ++........             (no amulet)
HPRegen  0.10/turn              e - +3 ring of strength
MPRegen  0.11/turn              (no ring)

@: no status effects
A: no food or potions, fire vulnerability, cold resistance 1, negative energy
resistance 3, torment resistance, unbreathing
a: no special abilities


You were on level 5 of the Dungeon.
You were not hungry.

You visited 1 branch of the dungeon, and saw 5 of its levels.

You collected 119 gold pieces.

Inventory:

Hand Weapons
 f - a +1 dagger (weapon)
Missiles
 b - 104 stones (quivered)
Armour
 c - a +0 robe (worn)
Jewellery
 e - a +3 ring of strength (left hand)
Scrolls
 a - a scroll of enchant armour {!r, unknown}
 d - 2 scrolls of enchant weapon {!r}
 g - 2 scrolls of remove curse {!r, unknown}
 h - a scroll of teleportation {!r, unknown}


   Skills:
 - Level 1.5 Dodging
 - Level 1.5 Stealth
 + Level 3.7 Spellcasting
 - Level 0.7 Transmutations
 * Level 3.7 Earth Magic


You couldn't memorise any spells.
You knew the following spells:

 Your Spells              Type           Power        Failure   Level  Hunger
a - Sandblast             Erth           ##....       4%          1    N/A
b - Passwall              Tmut/Erth      #.......     12%         2    N/A
c - Stone Arrow           Conj/Erth      #.....       26%         3    N/A
e - Petrify               Tmut/Erth      #.......     58%         4    N/A

Your spell library contained the following spells:

 Spells                   Type           Power        Failure   Level  Hunger
 Lee's Rapid Deconstruct  Erth           ##........   73%         5    N/A

Dungeon Overview and Level Annotations

Branches:
Dungeon (5/15)
 Temple: D:4-7

Altars:
Xom
Yredelemnul

Shops:
D:4 ==


Innate Abilities, Weirdness & Mutations

You do not eat or drink.
Your flesh is vulnerable to fire.
You are immune to poison.
Your flesh is cold resistant. (rC+)
You are immune to negative energy. (rN+++)
You are immune to unholy pain and torment.
You can survive without breathing.


Message History

The crimson imp blinks!
You aren't carrying any items that you can evoke.
Unknown command.
The crimson imp blinks!
You hear the slow rusting of a distant drain.
The crimson imp blinks!
You see here 15 gold pieces.
You now have 119 gold pieces (gained 15).
You see here a viscous purple potion {!q}.
The crimson imp hits you.
* * * LOW HITPOINT WARNING * * *
The crimson imp hits you.
* * * LOW HITPOINT WARNING * * *
Casting: Sandblast (safe; 4% risk of failure)
Confirm with . or Enter, or press ? or * to list all spells.
Aiming: Sandblast (safe; 4% risk of failure)
Press: ? - help, Shift-Dir - straight line, f/p - crimson imp
Aim: a crimson imp The blast of sand hits the crimson imp.
The crimson imp is moderately wounded.
b - 106 stones The crimson imp barely misses you.
Casting: Sandblast (safe; 4% risk of failure)
Confirm with . or Enter, or press ? or * to list all spells.
Aiming: Sandblast (safe; 4% risk of failure)
Press: ? - help, Shift-Dir - straight line, f/p - crimson imp
Aim: a crimson imp (lightly wounded)
The blast of sand hits the crimson imp.
The crimson imp is lightly wounded.
b - 105 stones The crimson imp hits you.
* * * LOW HITPOINT WARNING * * *
You closely miss the crimson imp.
The crimson imp is lightly wounded.
The crimson imp hits you.
* * * LOW HITPOINT WARNING * * *
The crimson imp closely misses you. The crimson imp closely misses you.
The crimson imp blinks!
You see here a viscous purple potion {!q}.
Your magical contamination has completely faded away.
An ogre comes into view. It is wielding a giant spiked club.
The ogre shouts!
You closely miss the crimson imp. The crimson imp closely misses you.
You hit the crimson imp.
The crimson imp is lightly wounded.
The ogre barely misses you. The crimson imp hits you.
* * * LOW HITPOINT WARNING * * *
Unknown command.
You hit the crimson imp but do no damage.
The ogre hits you with a giant spiked club!
* * * LOW HITPOINT WARNING * * *
The crimson imp misses you.
Unknown command.
Casting: Sandblast (safe; 4% risk of failure)
Confirm with . or Enter, or press ? or * to list all spells.
Aiming: Sandblast (safe; 4% risk of failure)
Press: ? - help, Shift-Dir - straight line, f - ogre, p - crimson imp
Aim: an ogre, wielding a giant spiked club The blast of sand hits the ogre.
The ogre is moderately wounded.
b - 104 stones The crimson imp hits you.
You die...

## ≈≈# ..≈≈ ##....≈
###################......#
.........................[
.............!5...........
###.###.#5#######......##.
###. #.#@# #.#...## ...
##.#O# #.##.## #.##....##
#.. .# ....##....#...# #.#
## #...##..#....)# #.# ##
#...##..##.#..# #.# ..
#...##..##.#..#
#.#..........#..####
.........†......).


You could see an ogre and a crimson imp.

Vanquished Creatures
  2 worker ants (D:5)
  An adder (D:4)
  An ooze (D:1)
  An adder zombie (D:4)
  A goblin (D:1)
  5 jackals (D:1)
  A quokka (D:3)
  A bat (D:3)
  3 frilled lizards
  A rat (D:1)
17 creatures vanquished.

Notes
Turn   | Place    | Note
-------+----------+-------------------------------------------
     0 | D:1      | Amnesiac the Mummy Earth Elementalist began the quest for the Orb.
     0 | D:1      | Reached XP level 1. HP: 13/13 MP: 4/4
   234 | D:1      | Reached XP level 2. HP: 19/19 MP: 0/5
   295 | D:1      | Learned a level 2 spell: Passwall
   356 | D:2      | Found a basalt altar of Yredelemnul.
   526 | D:4      | Found Eggaffot's Jewellery Shop.
   679 | D:4      | Found Hubups's Jewellery Emporium.
   732 | D:4      | Reached XP level 3. HP: 12/24 MP: 7/7
   835 | D:5      | Entered Level 5 of the Dungeon
   926 | D:5      | Noticed an ogre
  1043 | D:5      | Found a shimmering altar of Xom.
  1057 | D:5      | Reached XP level 4. HP: 16/30 MP: 2/9
  1063 | D:5      | Learned a level 3 spell: Stone Arrow
  1068 | D:5      | Learned a level 4 spell: Petrify
  1119 | D:5      | Noticed an ogre
  1126 | D:5      | HP: 1/30 [ogre/giant spiked club (7)]
  1127 | D:5      | Slain by a crimson imp

Vault maps used:
D:1:      dpeg_arrival_orchard
D:2:      lemuel_doored_altar, zin_academy, uniq_robin, uniq_crazy_yiuf_cottage
D:3:      first_ration
D:4:      overflow_temple_1_default, temple_statues, serial_undead,
          serial_undead_c, serial_undead_f, serial_undead_d, serial_undead_f,
          serial_shops, nicolae_shop_overgrown_old_shop, shop,
          nicolae_shop_waterfront, shop, uniq_duvessa, uniq_sigmund, uniq_ijyb
D:5:      cheibrodos_sewer_entry_bend, xom_teletrap_fun

Skill      XL: |  1  2 |
---------------+-------+-----
Spellcasting   | 3 |  3.7
Earth Magic    | 3 |  3.7
Dodging        | |  1.5
Stealth        | |  1.5
Transmutations | |  0.7

Action                   |  1- 3 |  4- 6 || total
-------------------------+-------+-------++-------
Melee: Unarmed           |     3 |       ||     3
       Dagger            |    15 |     4 ||    19
 Cast: Sandblast         |    24 |     9 ||    33
       Passwall          |     1 |       ||     1
  Use: Scroll            |     3 |       ||     3
Armor: Robe              |     8 |     1 ||     9
Dodge: Dodged            |    16 |     7 ||    23

Table legend:
 A = Spawn XP
 B = Non-spawn XP
 C = Spawn XP percentage of total XP
 D = Spawn monster count
 E = Non-spawn monster count
 F = Spawn count percentage of total count
 G = Total turns spent on level
                    A         B        C        D         E        F      G
               +---------+---------+-------+---------+---------+-------+---------
         Total |       0 |     110 |   0.0 |       0 |      17 |   0.0 |  1127
               +---------+---------+-------+---------+---------+-------+---------
           D:1 |       0 |      21 |   0.0 |       0 |       9 |   0.0 |   348
           D:3 |       0 |       4 |   0.0 |       0 |       3 |   0.0 |   159
           D:4 |       0 |      20 |   0.0 |       0 |       3 |   0.0 |   420
           D:5 |       0 |      65 |   0.0 |       0 |       2 |   0.0 |   181
               +---------+---------+-------+---------+---------+-------+---------
